Thunder vs Blackdemons
Created - 28 avril 2016 at 19:15
Goals
|
| Thunder |
2 |
2 |
1 |
5 |
| Blackdemons |
1 |
3 |
2 |
6 |
|
Shots
|
| Thunder |
12 |
5 |
8 |
25 |
| Blackdemons |
11 |
10 |
13 |
34 |
|
1st period
1. Thunder , Brandon Mashinter 20 (Robin Leblanc) at 8:15
2. Blackdemons , Mathieu Dandenault 19 (Wayne Primeau) at 9:45
3. Thunder , Ryan O'Reilly 32 (David Clarkson, Robin Leblanc) at 15:14
Penalties :
Shawn Matthias (MJM) for Interference (Minor) at 10:07
2nd period
4. Thunder , Scott Parse 23 (Tom Pyatt) at 0:04
5. Blackdemons , Enver Lisin 68 (Matt Irwin) at 0:14
6. Blackdemons , Wayne Primeau 27 (Mathieu Dandenault, Jeffrey Foss) at 11:21
7. Thunder , Matt Generous 11 (Tom Pyatt, Adam Hall) at 11:59
8. Blackdemons , Mathieu Dandenault 20 (Eric Wellwood, Matt Hunwick) at 19:40
Penalties :
Joey Ryan (TRO) for Holding (Minor) at 0:27, Andrew MacDonald (MJM) for Goalie Interference (Minor) at 13:08
3rd period
9. Blackdemons , Enver Lisin 69 (Barry Tallackson, Matt Irwin) at 8:45
10. Thunder , Tom Pyatt 32 (Adam Hall) at 17:23 (PP)
11. Blackdemons , Mathieu Dandenault 21 (Jakub Kindl, Andrew MacDonald) at 19:43 (SH)
Penalties :
Enver Lisin (MJM) for Roughing (Minor) at 5:59, Joey Ryan (TRO) for Interference (Minor) at 8:49, Zach Boychuk (MJM) for Hooking (Minor) at 16:30, Shawn Matthias (MJM) for Hooking (Minor) at 18:56
Goalie Stats
Barry Brust (TRO), 28 saves from 34 shots - (0,824), L, 13-14-4, 59:56 minutes
Chris Mason (MJM), 20 saves from 25 shots - (0,800), W, 39-14-5, 60:00 minutes
Players Stats for Thunder
Player Name G A P +/- PIM S H SB GA TA FO MP PP MP PK MP
------------------------------------------------------------------------------------
Adam Hall 0 2 2 1 0 2 2 1 1 0 1/2 21:13 4:05 2:04
Bobby Farnham 0 0 0 0 0 0 2 0 0 0 0/0 3:39 0:19 0:00
Brandon Mashinter 1 0 1 -1 0 1 1 1 0 0 6/6 12:51 0:00 0:00
Brett Festerling 0 0 0 0 0 0 0 0 0 0 0/0 11:02 0:00 0:00
Casey Pierro-Zabotel 0 0 0 -1 0 0 0 0 0 0 0/0 13:41 0:00 0:20
Colby Cohen 0 0 0 0 0 1 0 1 0 0 0/0 7:58 0:00 0:00
Dany Roussin 0 0 0 -2 0 2 0 1 0 0 0/2 18:39 3:29 1:34
Daultan Leveillé 0 0 0 0 0 0 2 0 1 0 3/3 6:08 0:00 0:00
David Clarkson 0 1 1 -2 0 0 3 0 2 0 0/1 17:39 3:29 0:34
David Fischer 0 0 0 -1 0 2 0 1 0 2 0/0 16:22 2:39 2:03
Derek Forbort 0 0 0 0 0 0 0 0 0 0 0/0 0:55 0:00 0:29
Dmitri Orlov 0 0 0 0 0 0 0 0 0 0 0/0 7:58 0:00 0:00
Jannik Hansen 0 0 0 0 0 0 0 0 1 0 0/0 6:27 0:19 0:00
Jesse Blacker 0 0 0 0 0 0 0 0 0 0 0/0 0:00 0:00 0:00
Joey Ryan 0 0 0 -1 4 0 0 0 0 0 0/0 14:35 2:39 0:00
Jordie Benn 0 0 0 -1 0 1 1 2 2 1 0/0 24:38 5:14 1:55
Kelly Zajac 0 0 0 0 0 0 0 0 0 0 0/0 0:19 0:19 0:00
Mat Clark 0 0 0 0 0 1 1 0 0 0 0/0 11:02 0:00 0:00
Matt Generous 1 0 1 -1 0 2 1 1 0 0 0/0 24:38 5:14 1:55
Pierre-Alexandre Parente 0 0 0 0 0 0 0 0 0 0 0/0 0:00 0:00 0:00
Robin Leblanc 0 2 2 -1 0 3 6 0 0 0 0/0 13:46 0:00 0:55
Ryan O'Reilly 1 0 1 -2 0 2 0 0 0 0 4/10 18:00 3:29 0:25
Scott Parse 1 0 1 1 0 4 3 1 2 1 3/4 24:01 4:05 2:04
Taylor Doherty 0 0 0 0 0 0 0 0 0 0 0/0 1:34 0:00 1:34
Tom Pyatt 1 2 3 1 0 4 0 1 0 0 15/24 18:55 4:05 0:00
Players Stats for Blackdemons
Player Name G A P +/- PIM S H SB GA TA FO MP PP MP PK MP
------------------------------------------------------------------------------------
Andrew MacDonald 0 1 1 1 2 1 1 1 0 0 0/0 18:53 1:44 1:53
Barry Tallackson 0 1 1 0 0 1 2 0 0 0 1/1 20:02 1:45 4:29
Bryan Rust 0 0 0 0 0 0 0 0 0 0 0/0 4:04 0:03 0:00
Enver Lisin 2 0 2 0 2 6 2 1 0 1 4/8 24:18 2:10 3:14
Eric Wellwood 0 1 1 2 0 1 0 0 0 0 0/0 13:49 0:03 1:21
Jakub Kindl 0 1 1 1 0 2 1 1 0 0 0/0 19:46 1:44 2:47
Jeffrey Foss 0 1 1 0 0 0 0 1 0 0 0/0 13:15 0:00 0:42
Mathieu Dandenault 3 1 4 3 0 5 2 0 0 0 1/1 14:05 0:03 1:37
Matt Hunwick 0 1 1 1 0 2 4 3 0 3 0/0 27:43 2:14 5:10
Matt Irwin 0 2 2 1 0 2 0 1 1 0 0/0 27:41 2:14 5:06
Michael Haley 0 0 0 -1 0 0 3 0 0 0 0/1 15:02 1:45 0:10
Patrice Cormier 0 0 0 -1 0 1 0 0 0 1 5/18 16:53 0:00 1:53
Richard Park 0 0 0 1 0 2 1 0 1 0 0/1 8:32 0:00 1:37
Shawn Matthias 0 0 0 -1 4 4 0 0 1 0 7/14 15:24 2:10 0:00
Steve Oleksy 0 0 0 0 0 0 0 0 0 0 0/0 12:43 0:00 0:08
Steven Zalewski 0 0 0 1 0 1 1 0 0 2 1/3 9:07 0:00 1:25
Wayne Primeau 1 1 2 2 0 4 1 0 0 0 1/5 13:51 1:45 0:00
Zach Boychuk 0 0 0 -1 2 2 1 0 1 2 0/0 16:54 2:10 0:00
3 Stars
1 - Mathieu Dandenault (MJM)
2 - Tom Pyatt (TRO)
3 - Wayne Primeau (MJM)
Power Play
Thunder - 1 on 5 Attempt(s) - 20,00%
Blackdemons - 0 on 2 Attempt(s) - 0,00%
Penalty Kill
Thunder - 2 on 2 Attempt(s) - 100,00%
- Score 0 goal in Penalty Kill
Blackdemons - 4 on 5 Attempt(s) - 80,00%
- Score 1 goal in Penalty Kill
Team Stat
Thunder - Hits : 22 - Faceoff Wins : 32 - Blocked Shots : 10 - Penalty Minutes : 4
Blackdemons - Hits : 19 - Faceoff Wins : 20 - Blocked Shots : 8 - Penalty Minutes : 10
Official
Referees : StLaurent Francois and Auger Stephane
Linesman : Jonny Murray and Mike Cvik
Game Notes
Mathieu Dandenault has scored a Hat Trick!
Finance
Level 1 -- Attendance: 1594 (79,70%) -- Ticket Income 47 820 $
Level 2 -- Attendance: 780 (78,00%) -- Ticket Income 7 800 $
Total Attendance: 2374 (79,13%)
Total Ticket Income: 55 620 $
Other Income: 2 781 $
Total Income: 58 401 $
Thunder
5 vs 5 Forward
Center Left Wing Right Wing Time % Phy DF OF
1 Tom Pyatt Scott Parse Adam Hall 40 1 2 2
2 Ryan O'Reilly Dany Roussin David Clarkson 30 1 2 2
3 Brandon Mashinter Casey Pierro-Zabotel Robin Leblanc 20 1 2 2
4 Daultan Leveillé Scott Parse Jannik Hansen 10 1 2 2
5 vs 5 Defense
Defense Defense Time % Phy DF OF
1 Matt Generous Jordie Benn 40 1 2 2
2 David Fischer Joey Ryan 30 1 2 2
3 Brett Festerling Mat Clark 20 1 2 2
4 Colby Cohen Dmitri Orlov 10 1 2 2
PowerPlay Forward
Center Left Wing Right Wing Time % Phy DF OF
1 Tom Pyatt Scott Parse Adam Hall 60 1 2 2
2 Ryan O'Reilly Dany Roussin David Clarkson 40 1 2 2
PowerPlay Defense
Defense Defense Time % Phy DF OF
1 Matt Generous Jordie Benn 60 1 2 2
2 David Fischer Joey Ryan 40 1 2 2
Penalty Kill 4 Players Forward
Center Wing Time % Phy DF OF
1 Scott Parse Adam Hall 60 1 2 2
2 Dany Roussin David Clarkson 40 1 2 2
Penalty Kill 4 Players Defense
Defense Defense Time % Phy DF OF
1 Matt Generous Jordie Benn 60 1 2 2
2 David Fischer Joey Ryan 40 1 2 2
Penalty Kill - 3 Players Forward
Forward Time % Phy DF OF
1 Scott Parse 60 1 2 2
2 Adam Hall 40 1 2 2
Penalty Kill - 3 Players Defense
Defense Defense Time % Phy DF OF
1 Matt Generous Jordie Benn 60 1 2 2
2 David Fischer Joey Ryan 40 1 2 2
4 vs 4 Forward
Center Wing Time % Phy DF OF
1 Scott Parse Adam Hall 60 1 2 2
2 Dany Roussin David Clarkson 40 1 2 2
4 vs 4 Defense
Defense Defense Time % Phy DF OF
1 Matt Generous Jordie Benn 60 1 2 2
2 David Fischer Joey Ryan 40 1 2 2
Last Minutes Offensive
Center Left Wing Right Wing Defense Defense
Tom Pyatt Scott Parse Adam Hall Matt Generous Jordie Benn
Last Minutes Defensive
Center Left Wing Right Wing Defense Defense
Tom Pyatt Scott Parse Adam Hall Matt Generous Jordie Benn
Goaltenders
Starting : Barry Brust
Backup : Devan Dubnyk
Extra Forwards
Normal : Bobby Farnham, Kelly Zajac, Robin Leblanc - PP : Bobby Farnham, Kelly Zajac - PK : Robin Leblanc
Extra Defensemen
Normal : Jesse Blacker, Taylor Doherty, Derek Forbort - PP : Jesse Blacker - PK : Taylor Doherty, Derek Forbort
Penalty Shots
Scott Parse, Adam Hall, Dany Roussin, David Clarkson, Tom Pyatt
Blackdemons
5 vs 5 Forward
Center Left Wing Right Wing Time % Phy DF OF
1 Patrice Cormier Zach Boychuk Enver Lisin 40 1 2 2
2 Shawn Matthias Michael Haley Barry Tallackson 30 1 2 2
3 Wayne Primeau Eric Wellwood Mathieu Dandenault 20 1 2 2
4 Steven Zalewski Enver Lisin Richard Park 10 1 2 2
5 vs 5 Defense
Defense Defense Time % Phy DF OF
1 Matt Hunwick Matt Irwin 40 1 2 2
2 Jakub Kindl Andrew MacDonald 30 1 2 2
3 Steve Oleksy Jeffrey Foss 20 1 2 2
4 Matt Hunwick Matt Irwin 10 1 2 2
PowerPlay Forward
Center Left Wing Right Wing Time % Phy DF OF
1 Shawn Matthias Zach Boychuk Enver Lisin 60 1 2 2
2 Wayne Primeau Michael Haley Barry Tallackson 40 1 2 2
PowerPlay Defense
Defense Defense Time % Phy DF OF
1 Matt Hunwick Matt Irwin 60 1 2 2
2 Jakub Kindl Andrew MacDonald 40 1 2 2
Penalty Kill 4 Players Forward
Center Wing Time % Phy DF OF
1 Enver Lisin Barry Tallackson 60 1 2 2
2 Mathieu Dandenault Richard Park 40 1 2 2
Penalty Kill 4 Players Defense
Defense Defense Time % Phy DF OF
1 Matt Hunwick Matt Irwin 60 1 2 2
2 Jakub Kindl Andrew MacDonald 40 1 2 2
Penalty Kill - 3 Players Forward
Forward Time % Phy DF OF
1 Enver Lisin 60 1 2 2
2 Barry Tallackson 40 1 2 2
Penalty Kill - 3 Players Defense
Defense Defense Time % Phy DF OF
1 Matt Hunwick Matt Irwin 60 1 2 2
2 Jakub Kindl Andrew MacDonald 40 1 2 2
4 vs 4 Forward
Center Wing Time % Phy DF OF
1 Enver Lisin Barry Tallackson 60 1 2 2
2 Mathieu Dandenault Richard Park 40 1 2 2
4 vs 4 Defense
Defense Defense Time % Phy DF OF
1 Matt Hunwick Matt Irwin 60 1 2 2
2 Jakub Kindl Andrew MacDonald 40 1 2 2
Last Minutes Offensive
Center Left Wing Right Wing Defense Defense
Shawn Matthias Zach Boychuk Enver Lisin Matt Hunwick Matt Irwin
Last Minutes Defensive
Center Left Wing Right Wing Defense Defense
Shawn Matthias Zach Boychuk Enver Lisin Matt Hunwick Matt Irwin
Goaltenders
Starting : Chris Mason
Backup : Andrew Hammond
Extra Forwards
Normal : Bryan Rust, Eric Wellwood, Patrice Cormier - PP : Bryan Rust, Eric Wellwood - PK : Patrice Cormier
Extra Defensemen
Normal : Steve Oleksy, Jeffrey Foss, Jakub Kindl - PP : Steve Oleksy - PK : Jeffrey Foss, Jakub Kindl
Penalty Shots
Enver Lisin, Barry Tallackson, Mathieu Dandenault, Richard Park, Shawn Matthias
% Time on Ice - Thunder
Lines # - Real PCT - Wanted PCT - Time Play
Normal Forward
1 - 32% - 40% - 15:34
2 - 28% - 30% - 13:36
3 - 27% - 20% - 12:51
4 - 13% - 10% - 6:08
Normal Defense
1 - 36% - 40% - 17:29
2 - 24% - 30% - 11:40
3 - 23% - 20% - 11:02
4 - 17% - 10% - 7:58
PP Forward
1 - 56% - 60% - 4:24
2 - 44% - 40% - 3:29
PP Defense
1 - 66% - 60% - 5:14
2 - 34% - 40% - 2:39
PK Forward
1 - 86% - 60% - 3:24
2 - 14% - 40% - 0:34
PK Defense
1 - 48% - 60% - 1:55
2 - 52% - 40% - 2:03
PK3 Forward
1 - 0% - 60%
2 - 0% - 40%
PK3 Defense
1 - 0% - 60%
2 - 0% - 40%
44 Forward
1 - 0% - 60%
2 - 0% - 40%
44 Defense
1 - 0% - 60%
2 - 0% - 40%
Last Minute Offensive - 0:00
Last Minute Defensive - 0:00
Total
Forward - 60:00
Defense - 60:00
|
% Time on Ice - Blackdemons
Lines # - Real PCT - Wanted PCT - Time Play
Normal Forward
1 - 33% - 40% - 16:01
2 - 27% - 30% - 13:07
3 - 25% - 20% - 12:06
4 - 14% - 10% - 6:55
Normal Defense
1 - 38% - 40% - 18:27
2 - 32% - 30% - 15:17
3 - 26% - 20% - 12:33
4 - 4% - 10% - 1:52
PP Forward
1 - 56% - 60% - 2:13
2 - 44% - 40% - 1:45
PP Defense
1 - 56% - 60% - 2:14
2 - 44% - 40% - 1:44
PK Forward
1 - 79% - 60% - 6:16
2 - 21% - 40% - 1:37
PK Defense
1 - 63% - 60% - 4:58
2 - 37% - 40% - 2:55
PK3 Forward
1 - 0% - 60%
2 - 0% - 40%
PK3 Defense
1 - 0% - 60%
2 - 0% - 40%
44 Forward
1 - 0% - 60%
2 - 0% - 40%
44 Defense
1 - 0% - 60%
2 - 0% - 40%
Last Minute Offensive - 0:00
Last Minute Defensive - 0:00
Total
Forward - 60:00
Defense - 60:00
|
Play by Play
1st period
0:01 of 1st period - Tom Pyatt wins face-off versus Patrice Cormier in neutral zone.
1:14 of 1st period - David Fischer is hit by Richard Park and loses puck.
1:33 of 1st period - Slapshot by Adam Hall.
1:33 of 1st period - Shot Misses the Net.
1:49 of 1st period - Snap shot by Shawn Matthias.
1:49 of 1st period - Stopped by Barry Brust with a rebound.
1:51 of 1st period - Slapshot by Jakub Kindl.
1:51 of 1st period - Stopped by Barry Brust without a rebound.
1:52 of 1st period - Brandon Mashinter wins face-off versus Wayne Primeau in Thunder zone.
2:14 of 1st period - Matt Hunwick is hit by Robin Leblanc and loses puck.
2:33 of 1st period - Snap shot by Matt Irwin.
2:33 of 1st period - Deflect By Jordie Benn.
2:33 of 1st period - Stopped by Barry Brust with a rebound.
2:58 of 1st period - Mathieu Dandenault is hit by Robin Leblanc and loses puck.
3:16 of 1st period - Slapshot by Matt Hunwick.
3:16 of 1st period - Shot Blocked by Brandon Mashinter.
3:18 of 1st period - Snap shot by Wayne Primeau.
3:18 of 1st period - Shot Misses the Net.
3:39 of 1st period - Snap shot by Mathieu Dandenault.
3:39 of 1st period - Shot Misses the Net.
3:41 of 1st period - Wrist shot by Wayne Primeau.
3:41 of 1st period - Stopped by Barry Brust with a rebound.
3:43 of 1st period - Snap shot by Matt Hunwick.
3:43 of 1st period - Stopped by Barry Brust without a rebound.
3:44 of 1st period - Tom Pyatt wins face-off versus Patrice Cormier in Thunder zone.
4:09 of 1st period - Tom Pyatt is hit by Andrew MacDonald and loses puck.
4:46 of 1st period - Scott Parse is hit by Jakub Kindl and loses puck.
5:43 of 1st period - Snap shot by Enver Lisin.
5:43 of 1st period - Shot Misses the Net.
6:05 of 1st period - Wrist shot by Enver Lisin.
6:05 of 1st period - Shot Misses the Net.
6:13 of 1st period - Snap shot by Adam Hall.
6:13 of 1st period - Stopped by Chris Mason with a rebound.
6:21 of 1st period - Snap shot by Adam Hall.
6:21 of 1st period - Shot Misses the Net.
6:23 of 1st period - Snap shot by Adam Hall.
6:23 of 1st period - Shot Blocked by Andrew MacDonald.
6:47 of 1st period - Wrist shot by Scott Parse.
6:47 of 1st period - Stopped by Chris Mason with a rebound.
7:07 of 1st period - Wrist shot by Scott Parse.
7:07 of 1st period - Shot Hit the Post.
7:35 of 1st period - Jakub Kindl is hit by Mat Clark and loses puck.
7:40 of 1st period - Snap shot by Scott Parse.
7:40 of 1st period - Shot Blocked by Enver Lisin.
7:42 of 1st period - Wrist shot by Scott Parse.
7:42 of 1st period - Stopped by Chris Mason without a rebound.
7:43 of 1st period - Shawn Matthias wins face-off versus Ryan O'Reilly in Blackdemons zone.
8:13 of 1st period - Snap shot by Dany Roussin.
8:13 of 1st period - Stopped by Chris Mason without a rebound.
8:14 of 1st period - Brandon Mashinter wins face-off versus Wayne Primeau in Blackdemons zone.
8:15 of 1st period - Wrist shot by Robin Leblanc.
8:15 of 1st period - Deflect By Brandon Mashinter.
8:15 of 1st period - Goal by Brandon Mashinter - Thunder : 1 - Blackdemons : 0.
8:16 of 1st period - Ryan O'Reilly wins face-off versus Shawn Matthias in neutral zone.
8:30 of 1st period - Slapshot by Dany Roussin.
8:30 of 1st period - Deflect By Ryan O'Reilly.
8:30 of 1st period - Shot Blocked by Matt Hunwick.
8:30 of 1st period - Puck is out of play.
8:31 of 1st period - Shawn Matthias wins face-off versus Ryan O'Reilly in Blackdemons zone.
9:14 of 1st period - Icing by Shawn Matthias.
9:15 of 1st period - Brandon Mashinter wins face-off versus Shawn Matthias in Blackdemons zone.
9:18 of 1st period - Snap shot by Robin Leblanc.
9:18 of 1st period - Shot Blocked by Jeffrey Foss.
9:39 of 1st period - Off-side.
9:40 of 1st period - Wayne Primeau wins face-off versus Ryan O'Reilly in neutral zone.
9:43 of 1st period - Wrist shot by Mathieu Dandenault.
9:43 of 1st period - Deflect By Wayne Primeau.
9:43 of 1st period - Stopped by Barry Brust with a rebound.
9:45 of 1st period - Slapshot by Mathieu Dandenault.
9:45 of 1st period - Goal by Mathieu Dandenault - Thunder : 1 - Blackdemons : 1.
9:46 of 1st period - Shawn Matthias wins face-off versus Ryan O'Reilly in neutral zone.
9:55 of 1st period - Wrist shot by Barry Tallackson.
9:55 of 1st period - Shot Blocked by Colby Cohen.
10:07 of 1st period - Minor Penalty to Shawn Matthias for Interference.
10:08 of 1st period - Enver Lisin wins face-off versus Dany Roussin in Blackdemons zone.
11:00 of 1st period - Jakub Kindl is hit by David Clarkson and loses puck.
11:54 of 1st period - Matt Hunwick is hit by Bobby Farnham and loses puck.
12:07 of 1st period - Penalty to Shawn Matthias is over, Shawn Matthias is back on ice.
12:20 of 1st period - Steve Oleksy is hit by Robin Leblanc and loses puck.
12:27 of 1st period - Wrist shot by Robin Leblanc.
12:27 of 1st period - Stopped by Chris Mason with a rebound.
12:29 of 1st period - Backhand shot by Colby Cohen.
12:29 of 1st period - Stopped by Chris Mason with a rebound.
12:39 of 1st period - Colby Cohen is hit by Michael Haley.
14:14 of 1st period - Snap shot by Zach Boychuk.
14:14 of 1st period - Shot Blocked by Tom Pyatt.
14:16 of 1st period - Slapshot by Andrew MacDonald.
14:16 of 1st period - Stopped by Barry Brust with a rebound.
14:43 of 1st period - Icing by David Clarkson.
14:44 of 1st period - Brandon Mashinter wins face-off versus Steven Zalewski in Thunder zone.
15:02 of 1st period - Icing by Robin Leblanc.
15:03 of 1st period - Brandon Mashinter wins face-off versus Shawn Matthias in Thunder zone.
15:14 of 1st period - Wrist shot by Ryan O'Reilly.
15:14 of 1st period - Goal by Ryan O'Reilly - Thunder : 2 - Blackdemons : 1.
15:15 of 1st period - Shawn Matthias wins face-off versus Ryan O'Reilly in neutral zone.
15:28 of 1st period - Wrist shot by Barry Tallackson.
15:28 of 1st period - Stopped by Barry Brust with a rebound.
15:30 of 1st period - Wrist shot by Barry Tallackson.
15:30 of 1st period - Shot Blocked by Dany Roussin.
16:03 of 1st period - Wayne Primeau is hit by Robin Leblanc and loses puck.
16:18 of 1st period - Richard Park is hit by Daultan Leveillé and loses puck.
16:43 of 1st period - Snap shot by David Clarkson.
16:43 of 1st period - Shot Misses the Net.
16:45 of 1st period - Slapshot by Matt Generous.
16:45 of 1st period - Shot Misses the Net.
16:47 of 1st period - Wrist shot by Dany Roussin.
16:47 of 1st period - Shot Hit the Post.
17:01 of 1st period - Snap shot by Wayne Primeau.
17:01 of 1st period - Stopped by Barry Brust with a rebound.
17:34 of 1st period - Snap shot by Dany Roussin.
17:34 of 1st period - Stopped by Chris Mason without a rebound.
17:35 of 1st period - Steven Zalewski wins face-off versus Ryan O'Reilly in Blackdemons zone.
17:57 of 1st period - Slapshot by Mathieu Dandenault.
17:57 of 1st period - Shot Hit the Post.
17:59 of 1st period - Wrist shot by Mathieu Dandenault.
17:59 of 1st period - Deflect By Eric Wellwood.
17:59 of 1st period - Stopped by Barry Brust with a rebound.
18:45 of 1st period - Snap shot by Robin Leblanc.
18:45 of 1st period - Stopped by Chris Mason with a rebound.
19:32 of 1st period - Slapshot by Matt Generous.
19:32 of 1st period - Stopped by Chris Mason with a rebound.
19:34 of 1st period - Slapshot by Jordie Benn.
19:34 of 1st period - Stopped by Chris Mason without a rebound.
19:35 of 1st period - Brandon Mashinter wins face-off versus Patrice Cormier in Blackdemons zone.
19:42 of 1st period - Snap shot by Zach Boychuk.
19:42 of 1st period - Deflect By Patrice Cormier.
19:42 of 1st period - Shot Blocked by Jordie Benn.
19:42 of 1st period - Puck is out of play.
19:43 of 1st period - Shawn Matthias wins face-off versus Tom Pyatt in Thunder zone.
Goals for this period are 2 for Thunder vs 1 for Blackdemons.
Shots for this period are 12 for Thunder vs 11 for Blackdemons.
2nd period
0:01 of 2nd period - Tom Pyatt wins face-off versus Patrice Cormier in neutral zone.
0:04 of 2nd period - Snap shot by Scott Parse.
0:04 of 2nd period - Goal by Scott Parse - Thunder : 3 - Blackdemons : 1.
0:05 of 2nd period - Enver Lisin wins face-off versus Tom Pyatt in neutral zone.
0:14 of 2nd period - Snap shot by Enver Lisin.
0:14 of 2nd period - Goal by Enver Lisin - Thunder : 3 - Blackdemons : 2.
0:15 of 2nd period - Patrice Cormier wins face-off versus Tom Pyatt in neutral zone.
0:20 of 2nd period - Snap shot by Enver Lisin.
0:20 of 2nd period - Stopped by Barry Brust with a rebound.
0:22 of 2nd period - Wrist shot by Patrice Cormier.
0:22 of 2nd period - Shot Misses the Net.
0:24 of 2nd period - Slapshot by Matt Irwin.
0:24 of 2nd period - Stopped by Barry Brust without a rebound.
0:25 of 2nd period - Tom Pyatt wins face-off versus Patrice Cormier in Thunder zone.
0:27 of 2nd period - Minor Penalty to Joey Ryan for Holding.
0:28 of 2nd period - Scott Parse wins face-off versus Shawn Matthias in Thunder zone.
1:28 of 2nd period - Jakub Kindl is hit by David Clarkson and loses puck.
2:27 of 2nd period - Penalty to Joey Ryan is over, Joey Ryan is back on ice.
2:29 of 2nd period - Matt Generous is hit by Matt Hunwick and loses puck.
4:41 of 2nd period - Enver Lisin is hit by Scott Parse and loses puck.
5:48 of 2nd period - Slapshot by Adam Hall.
5:48 of 2nd period - Shot Misses the Net.
6:42 of 2nd period - Tom Pyatt is hit by Zach Boychuk and loses puck.
7:13 of 2nd period - Casey Pierro-Zabotel is hit by Michael Haley and loses puck.
8:35 of 2nd period - Matt Irwin is hit by Bobby Farnham and loses puck.
8:56 of 2nd period - Wrist shot by Adam Hall.
8:56 of 2nd period - Shot Blocked by Matt Hunwick.
8:58 of 2nd period - Slapshot by Mat Clark.
8:58 of 2nd period - Stopped by Chris Mason with a rebound.
9:42 of 2nd period - Wrist shot by Enver Lisin.
9:42 of 2nd period - Stopped by Barry Brust with a rebound.
10:12 of 2nd period - Snap shot by Patrice Cormier.
10:12 of 2nd period - Stopped by Barry Brust with a rebound.
11:21 of 2nd period - Slapshot by Wayne Primeau.
11:21 of 2nd period - Goal by Wayne Primeau - Thunder : 3 - Blackdemons : 3.
11:22 of 2nd period - Shawn Matthias wins face-off versus Tom Pyatt in neutral zone.
11:24 of 2nd period - Off-side.
11:25 of 2nd period - Tom Pyatt wins face-off versus Michael Haley in neutral zone.
11:37 of 2nd period - Off-side.
11:38 of 2nd period - Patrice Cormier wins face-off versus Adam Hall in neutral zone.
11:49 of 2nd period - Snap shot by Tom Pyatt.
11:49 of 2nd period - Stopped by Chris Mason without a rebound.
11:50 of 2nd period - Adam Hall wins face-off versus Patrice Cormier in Blackdemons zone.
11:53 of 2nd period - Snap shot by Tom Pyatt.
11:53 of 2nd period - Shot Misses the Net.
11:55 of 2nd period - Backhand shot by Tom Pyatt.
11:55 of 2nd period - Shot Misses the Net.
11:57 of 2nd period - Wrist shot by Tom Pyatt.
11:57 of 2nd period - Stopped by Chris Mason with a rebound.
11:59 of 2nd period - Slapshot by Matt Generous.
11:59 of 2nd period - Goal by Matt Generous - Thunder : 4 - Blackdemons : 3.
12:00 of 2nd period - Tom Pyatt wins face-off versus Enver Lisin in neutral zone.
12:25 of 2nd period - Dany Roussin is hit by Matt Hunwick and loses puck.
13:08 of 2nd period - Minor Penalty to Andrew MacDonald for Goalie Interference.
13:09 of 2nd period - Enver Lisin wins face-off versus Tom Pyatt in Blackdemons zone.
13:18 of 2nd period - Matt Hunwick is hit by Adam Hall.
14:00 of 2nd period - Slapshot by Richard Park.
14:00 of 2nd period - Stopped by Barry Brust with a rebound.
15:08 of 2nd period - Penalty to Andrew MacDonald is over, Andrew MacDonald is back on ice.
15:24 of 2nd period - Mathieu Dandenault is hit by Brandon Mashinter and loses puck.
15:35 of 2nd period - Scott Parse is hit by Barry Tallackson and loses puck.
17:28 of 2nd period - Adam Hall is hit by Mathieu Dandenault and loses puck.
17:54 of 2nd period - Snap shot by Richard Park.
17:54 of 2nd period - Stopped by Barry Brust without a rebound.
17:55 of 2nd period - Ryan O'Reilly wins face-off versus Richard Park in Thunder zone.
17:55 of 2nd period - Ryan O'Reilly is hit by Steven Zalewski.
18:46 of 2nd period - Off-side.
18:47 of 2nd period - Patrice Cormier wins face-off versus David Clarkson in neutral zone.
19:14 of 2nd period - Shawn Matthias is hit by Scott Parse and loses puck.
19:22 of 2nd period - Snap shot by Adam Hall.
19:22 of 2nd period - Shot Blocked by Matt Irwin.
19:34 of 2nd period - Wrist shot by Mathieu Dandenault.
19:34 of 2nd period - Shot Misses the Net.
19:36 of 2nd period - Snap shot by Matt Hunwick.
19:36 of 2nd period - Shot Misses the Net.
19:38 of 2nd period - Wrist shot by Eric Wellwood.
19:38 of 2nd period - Deflect By Mathieu Dandenault.
19:38 of 2nd period - Stopped by Barry Brust with a rebound.
19:40 of 2nd period - Wrist shot by Mathieu Dandenault.
19:40 of 2nd period - Goal by Mathieu Dandenault - Thunder : 4 - Blackdemons : 4.
19:41 of 2nd period - Tom Pyatt wins face-off versus Patrice Cormier in neutral zone.
Goals for this period are 2 for Thunder vs 3 for Blackdemons.
Shots for this period are 5 for Thunder vs 10 for Blackdemons.
3rd period
0:01 of 3rd period - Tom Pyatt wins face-off versus Patrice Cormier in neutral zone.
0:34 of 3rd period - Matt Generous is hit by Michael Haley and loses puck.
0:49 of 3rd period - Backhand shot by David Fischer.
0:49 of 3rd period - Stopped by Chris Mason with a rebound.
0:51 of 3rd period - Snap shot by Robin Leblanc.
0:51 of 3rd period - Shot Misses the Net.
0:53 of 3rd period - Wrist shot by Brandon Mashinter.
0:53 of 3rd period - Shot Misses the Net.
0:55 of 3rd period - Wrist shot by Joey Ryan.
0:55 of 3rd period - Shot Misses the Net.
0:57 of 3rd period - Snap shot by Brandon Mashinter.
0:57 of 3rd period - Shot Blocked by Jakub Kindl.
1:11 of 3rd period - Snap shot by Enver Lisin.
1:11 of 3rd period - Shot Misses the Net.
1:13 of 3rd period - Slapshot by Jakub Kindl.
1:13 of 3rd period - Shot Blocked by David Fischer.
1:40 of 3rd period - Off-side.
1:41 of 3rd period - Barry Tallackson wins face-off versus Tom Pyatt in neutral zone.
2:25 of 3rd period - Snap shot by Robin Leblanc.
2:25 of 3rd period - Shot Misses the Net.
2:46 of 3rd period - Barry Tallackson is hit by Jordie Benn and loses puck.
3:05 of 3rd period - Jakub Kindl is hit by Robin Leblanc and loses puck.
3:25 of 3rd period - Jakub Kindl is hit by Adam Hall and loses puck.
3:40 of 3rd period - Michael Haley is hit by David Clarkson.
4:12 of 3rd period - Snap shot by Enver Lisin.
4:12 of 3rd period - Stopped by Barry Brust with a rebound.
4:49 of 3rd period - Off-side.
4:50 of 3rd period - Daultan Leveillé wins face-off versus Shawn Matthias in neutral zone.
4:53 of 3rd period - Snap shot by Scott Parse.
4:53 of 3rd period - Stopped by Chris Mason without a rebound.
4:54 of 3rd period - Daultan Leveillé wins face-off versus Shawn Matthias in Blackdemons zone.
5:43 of 3rd period - Snap shot by Zach Boychuk.
5:43 of 3rd period - Stopped by Barry Brust with a rebound.
5:59 of 3rd period - Minor Penalty to Enver Lisin for Roughing.
6:00 of 3rd period - Scott Parse wins face-off versus Patrice Cormier in Blackdemons zone.
7:28 of 3rd period - Icing by Adam Hall.
7:29 of 3rd period - Ryan O'Reilly wins face-off versus Patrice Cormier in Thunder zone.
7:59 of 3rd period - Penalty to Enver Lisin is over, Enver Lisin is back on ice.
8:03 of 3rd period - Ryan O'Reilly is hit by Enver Lisin and loses puck.
8:39 of 3rd period - Snap shot by Steven Zalewski.
8:39 of 3rd period - Shot Misses the Net.
8:41 of 3rd period - Slapshot by Matt Irwin.
8:41 of 3rd period - Shot Blocked by Jordie Benn.
8:43 of 3rd period - Wrist shot by Barry Tallackson.
8:43 of 3rd period - Shot Misses the Net.
8:45 of 3rd period - Wrist shot by Enver Lisin.
8:45 of 3rd period - Goal by Enver Lisin - Thunder : 4 - Blackdemons : 5.
8:46 of 3rd period - Tom Pyatt wins face-off versus Wayne Primeau in neutral zone.
8:46 of 3rd period - Tom Pyatt is hit by Mathieu Dandenault.
8:49 of 3rd period - Minor Penalty to Joey Ryan for Interference.
8:50 of 3rd period - Shawn Matthias wins face-off versus Scott Parse in Thunder zone.
8:52 of 3rd period - Snap shot by Enver Lisin.
8:52 of 3rd period - Shot Misses the Net.
8:54 of 3rd period - Wrist shot by Shawn Matthias.
8:54 of 3rd period - Shot Misses the Net.
8:56 of 3rd period - Wrist shot by Shawn Matthias.
8:56 of 3rd period - Stopped by Barry Brust without a rebound.
8:57 of 3rd period - Scott Parse wins face-off versus Shawn Matthias in Thunder zone.
8:57 of 3rd period - Scott Parse is hit by Enver Lisin.
9:09 of 3rd period - Scott Parse is hit by Matt Hunwick and loses puck.
10:49 of 3rd period - Penalty to Joey Ryan is over, Joey Ryan is back on ice.
10:55 of 3rd period - Scott Parse is hit by Wayne Primeau and loses puck.
11:12 of 3rd period - Wrist shot by Robin Leblanc.
11:12 of 3rd period - Stopped by Chris Mason with a rebound.
11:14 of 3rd period - Snap shot by David Fischer.
11:14 of 3rd period - Deflect By Jeffrey Foss.
11:14 of 3rd period - Stopped by Chris Mason without a rebound.
11:15 of 3rd period - Ryan O'Reilly wins face-off versus Wayne Primeau in Blackdemons zone.
12:04 of 3rd period - Matt Hunwick is hit by Daultan Leveillé and loses puck.
12:42 of 3rd period - Slapshot by Matt Hunwick.
12:42 of 3rd period - Stopped by Barry Brust with a rebound.
12:48 of 3rd period - Zach Boychuk is hit by Robin Leblanc and loses puck.
13:41 of 3rd period - Wrist shot by Steven Zalewski.
13:41 of 3rd period - Stopped by Barry Brust without a rebound.
13:42 of 3rd period - Daultan Leveillé wins face-off versus Steven Zalewski in Thunder zone.
13:47 of 3rd period - Snap shot by Joey Ryan.
13:47 of 3rd period - Shot Misses the Net.
14:07 of 3rd period - Casey Pierro-Zabotel is hit by Barry Tallackson and loses puck.
14:49 of 3rd period - Snap shot by Mathieu Dandenault.
14:49 of 3rd period - Shot Blocked by Matt Generous.
15:50 of 3rd period - Snap shot by Zach Boychuk.
15:50 of 3rd period - Stopped by Barry Brust without a rebound.
15:51 of 3rd period - Patrice Cormier wins face-off versus Tom Pyatt in Thunder zone.
16:02 of 3rd period - Matt Irwin is hit by Scott Parse.
16:09 of 3rd period - Icing by Matt Irwin.
16:10 of 3rd period - Patrice Cormier wins face-off versus Dany Roussin in Blackdemons zone.
16:23 of 3rd period - Wrist shot by Shawn Matthias.
16:23 of 3rd period - Deflect By Jordie Benn.
16:23 of 3rd period - Stopped by Barry Brust without a rebound.
16:24 of 3rd period - Tom Pyatt wins face-off versus Patrice Cormier in Thunder zone.
16:30 of 3rd period - Minor Penalty to Zach Boychuk for Hooking.
16:31 of 3rd period - Tom Pyatt wins face-off versus Enver Lisin in Blackdemons zone.
16:31 of 3rd period - Slapshot by Adam Hall.
16:31 of 3rd period - Shot Blocked by Matt Hunwick.
16:33 of 3rd period - Slapshot by Matt Generous.
16:33 of 3rd period - Shot Misses the Net.
17:01 of 3rd period - Wrist shot by David Clarkson.
17:01 of 3rd period - Shot Misses the Net.
17:03 of 3rd period - Slapshot by Ryan O'Reilly.
17:03 of 3rd period - Stopped by Chris Mason without a rebound.
17:04 of 3rd period - Mathieu Dandenault wins face-off versus Tom Pyatt in Blackdemons zone.
17:15 of 3rd period - Snap shot by Adam Hall.
17:15 of 3rd period - Deflect By Barry Tallackson.
17:15 of 3rd period - Shot Misses the Net.
17:15 of 3rd period - Puck is out of play.
17:16 of 3rd period - Tom Pyatt wins face-off versus Enver Lisin in Blackdemons zone.
17:17 of 3rd period - Snap shot by Adam Hall.
17:17 of 3rd period - Shot Misses the Net.
17:19 of 3rd period - Wrist shot by Adam Hall.
17:19 of 3rd period - Shot Misses the Net.
17:21 of 3rd period - Wrist shot by Tom Pyatt.
17:21 of 3rd period - Stopped by Chris Mason with a rebound.
17:23 of 3rd period - Slapshot by Tom Pyatt.
17:23 of 3rd period - Goal by Tom Pyatt - Thunder : 5 - Blackdemons : 5.
17:24 of 3rd period - Tom Pyatt wins face-off versus Patrice Cormier in neutral zone.
17:51 of 3rd period - Matt Generous is hit by Matt Hunwick.
17:55 of 3rd period - Wrist shot by Shawn Matthias.
17:55 of 3rd period - Stopped by Barry Brust with a rebound.
18:19 of 3rd period - Wrist shot by Mathieu Dandenault.
18:19 of 3rd period - Stopped by Barry Brust with a rebound.
18:29 of 3rd period - Snap shot by Enver Lisin.
18:29 of 3rd period - Deflect By Matt Generous.
18:29 of 3rd period - Shot Blocked by Scott Parse.
18:29 of 3rd period - Puck is out of play.
18:30 of 3rd period - Tom Pyatt wins face-off versus Patrice Cormier in Thunder zone.
18:35 of 3rd period - Slapshot by Enver Lisin.
18:35 of 3rd period - Stopped by Barry Brust with a rebound.
18:37 of 3rd period - Slapshot by Zach Boychuk.
18:37 of 3rd period - Shot Blocked by Adam Hall.
18:56 of 3rd period - Minor Penalty to Shawn Matthias for Hooking.
18:57 of 3rd period - Enver Lisin wins face-off versus Tom Pyatt in Blackdemons zone.
18:57 of 3rd period - Enver Lisin is hit by Matt Generous.
19:09 of 3rd period - Snap shot by Adam Hall.
19:09 of 3rd period - Stopped by Chris Mason with a rebound.
19:39 of 3rd period - Slapshot by Jakub Kindl.
19:39 of 3rd period - Stopped by Barry Brust with a rebound.
19:43 of 3rd period - Snap shot by Mathieu Dandenault.
19:43 of 3rd period - Goal by Mathieu Dandenault - Thunder : 5 - Blackdemons : 6.
19:44 of 3rd period - Tom Pyatt wins face-off versus Enver Lisin in neutral zone.
19:56 of 3rd period - Thunder, Barry Brust is pulled from the net.
Goals for this period are 1 for Thunder vs 2 for Blackdemons.
Shots for this period are 8 for Thunder vs 13 for Blackdemons.
Back to the Top